 Dungeon Crawl Stone Soup version 0.31-a0-165-g3f4f80340b (webtiles) character file.

Game seed: 8168683189579440071

64 qw the Shooter (level 4, 0/39 HPs)
             Began as a Naga Hunter on June 13, 2023.
             Hit by a boomerang thrown by an orc (4 damage)
             ... on level 3 of the Dungeon.
             The game lasted 00:00:31 (1415 turns).

qw the Shooter (Naga Hunter)                        Turns: 1415, Time: 00:00:32

Health: 0/39       AC:  2    Str: 13    XL:     4   Next: 12%
Magic:  4/4        EV:  9    Int: 10    God:
Gold:   98         SH:  0    Dex: 16    Spells: 3/3 levels left

rFire   . . .        Y - +0 shortbow
rCold   . . .        (shield currently unavailable)
rNeg    . . .        c - +0 leather armour
rPois   +            (no helmet)
rElec   .            (no cloak)
rCorr   .            (no gloves)
SInv    +            (no barding)
Will    .....        g - amulet of regeneration
Stlth   ++           (no ring)
HPRegen 1.06/turn    (no ring)
MPRegen 0.09/turn

%: no passive effects
@: short of breath, very slow
A: AC +1, large, see invisible, deformed body, poison resistance, slowness 2,
spit poison 1, naga tail 1
a: Spit Poison


You were on level 3 of the Dungeon.
You visited 1 branch of the dungeon, and saw 3 of its levels.

You collected 98 gold pieces.


Innate Abilities, Weirdness & Mutations

Your serpentine skin is tough. (AC +1)
You have supernaturally acute eyesight. (SInv)
Armour fits poorly on your strangely shaped body.
Your system is resistant to poisons. (rPois)
You cover ground very slowly.
You can spit poison.
You have a snake-like lower body.


   Skills:
 + Level 2.2 Fighting
 - Level 5.0 Ranged Weapons
 - Level 1.5 Dodging
 - Level 1.5 Stealth


You had 3 spell levels left.
You didn't know any spells.
Your spell library was empty.

Inventory:

Hand Weapons
 Y - a +0 shortbow (weapon)
Armour
 c - a +0 leather armour (worn)
Jewellery
 g - an amulet of regeneration (around neck)
 l - a ring of fire
Scrolls
 b - a scroll of enchant armour {unknown}
Potions
 a - a potion of magic {unknown}
 d - a potion of ambrosia {unknown}
 e - a potion of curing
 h - a potion of brilliance {unknown}
 j - a potion of berserk rage {unknown}
 k - a potion of mutation {unknown}

Dungeon Overview and Level Annotations

Branches:
Dungeon (3/15)

Altars:


Message History

The splash of poison hits the orc!
You kill the orc!
An orc priest comes into view. It is wielding a +0 flail.
Found a potion of curing.
The orc priest shouts!
You hear a shout!
The orc priest invokes the aid of Beogh against you.
Beogh smites you!
An orc comes into view. It is wielding a +0 club. x2
The orc moves out of view.
The orc shouts!
Enter note:
Enter note: You shoot an arrow.
The arrow hits the orc priest!
The orc priest is heavily wounded.
The orc priest invokes the aid of Beogh against you.
Beogh smites you!
An orc comes into view. It is wielding a +0 club.
You shoot an arrow. The orc shouts!
The arrow hits the orc priest.
The orc priest is severely wounded.
The orc throws a boomerang.
The boomerang closely misses you.
You shoot an arrow. The arrow barely misses the orc.
The orc priest looks braver for a moment.
You shoot an arrow. The arrow hits the orc.
The orc is heavily wounded.
You have got your breath back.
1414 ||| INVOKING Spit Poison.
Aiming: Spit Poison (1% risk of failure)
Press: ? - help, Shift-Dir - straight line, f/p - orc The splash of poison hits the orc.
The orc is poisoned.
You kill the orc!
The orc priest mumbles some strange prayers to Beogh against you.
Beogh smites you!
The orc throws a boomerang.
The boomerang hits you.
You shoot an arrow. The arrow hits the orc!
You kill the orc!
The orc priest mumbles some strange prayers to Beogh against you.
Pain shoots through your body!
The orc throws a boomerang.
The boomerang hits you.
You die...

#..........# #..........
#......... #........
..#.....!. .........
....#...###
.......@..#############
..........##..........#
.............>#######.#
..#.)......#........#.##
..o).......#...#..#.....
..o......#.#.......##.##
.........#.#..........#
......####.#...###.####
.... #.#...#.....#


You could see an orc priest and an orc.

Vanquished Creatures
  2 adders (D:2)
  3 dart slugs (D:1)
  3 orcs (D:3)
  2 ball pythons
  5 endoplasms
  A giant cockroach (D:2)
  2 goblins (D:2)
  4 hobgoblins
  A jackal (D:2)
  2 kobolds (D:1)
  2 quokkas
  5 bats
  A frilled lizard (D:1)
  3 rats (D:2)
36 creatures vanquished.

Notes
Turn   | Place    | Note
-------+----------+-------------------------------------------
     0 | D:1      | qw the Naga Hunter began the quest for the Orb.
     0 | D:1      | Reached XP level 1. HP: 19/19 MP: 1/1
     0 | D:1      | 0 ||| qw: Version: 0.2-a-29-gc1b59c4
     0 | D:1      | 0 ||| qw: Game counter: 4703
     0 | D:1      | 0 ||| qw: Always use a shield: true
     0 | D:1      | 0 ||| qw: God list: Okawaru
     0 | D:1      | 0 ||| qw: Allow faded altars: false
     0 | D:1      | 0 ||| qw: Do Orc after D:15 true
     0 | D:1      | 0 ||| qw: Do second Lair branch before Depths: true
     0 | D:1      | 0 ||| qw: Lair rune preference: random
     0 | D:1      | 0 ||| qw: Plans: Normal
     0 | D:1      | 0 ||| PLANNING D:1-11
    48 | D:1      | 48 ||| INVOKING Spit Poison.
   182 | D:1      | Reached skill level 4 in Ranged Weapons
   182 | D:1      | Reached XP level 2. HP: 26/26 MP: 2/2
   205 | D:1      | 205 ||| INVOKING Spit Poison.
   219 | D:1      | 219 ||| INVOKING Spit Poison.
   230 | D:1      | 230 ||| INVOKING Spit Poison.
   305 | D:1      | 305 ||| INVOKING Spit Poison.
   328 | D:1      | 328 ||| INVOKING Spit Poison.
   334 | D:1      | 334 ||| INVOKING Spit Poison.
   402 | D:1      | 402 ||| INVOKING Spit Poison.
   421 | D:1      | 421 ||| INVOKING Spit Poison.
   424 | D:1      | 424 ||| INVOKING Spit Poison.
   483 | D:1      | 483 ||| INVOKING Spit Poison.
   485 | D:1      | Reached XP level 3. HP: 32/32 MP: 3/3
   487 | D:1      | 487 ||| INVOKING Spit Poison.
   549 | D:1      | Found a faded altar of an unknown god.
   559 | D:1      | 559 ||| READING scroll labelled ZEUMOI REMEBBU.
   560 | D:1      | 560 ||| READING scroll labelled TYLOATTA LIMPU.
   561 | D:1      | 561 ||| READING scroll labelled LUTUIG ISYEVEN.
   562 | D:1      | 562 ||| READING 2 scrolls labelled EWEMOWK PADAE.
   563 | D:1      | 563 ||| READING scroll labelled ACVINA CUEPU.
   564 | D:1      | 564 ||| DROPPING scroll of butterflies.
   565 | D:1      | 565 ||| DROPPING scroll of poison.
   597 | D:2      | 597 ||| INVOKING Spit Poison.
   613 | D:2      | 613 ||| INVOKING Spit Poison.
   622 | D:2      | 622 ||| INVOKING Spit Poison.
   665 | D:2      | 665 ||| INVOKING Spit Poison.
   670 | D:2      | 670 ||| INVOKING Spit Poison.
   673 | D:2      | 673 ||| INVOKING Spit Poison.
   764 | D:2      | 764 ||| INVOKING Spit Poison.
   845 | D:2      | 845 ||| INVOKING Spit Poison.
   848 | D:2      | 848 ||| INVOKING Spit Poison.
   886 | D:2      | 886 ||| INVOKING Spit Poison.
   891 | D:2      | 891 ||| INVOKING Spit Poison.
   953 | D:2      | 953 ||| INVOKING Spit Poison.
  1150 | D:2      | 1150 ||| INVOKING Spit Poison.
  1151 | D:2      | Reached skill level 5 in Ranged Weapons
  1218 | D:2      | 1218 ||| INVOKING Spit Poison.
  1223 | D:2      | Reached XP level 4. HP: 36/39 MP: 4/4
  1237 | D:2      | 1237 ||| UPGRADING to amulet of regeneration.
  1242 | D:2      | 1242 ||| READING scroll labelled PUYTZI YNWO.
  1243 | D:2      | 1243 ||| READING scroll labelled GEEPONG BOWIE.
  1244 | D:2      | 1244 ||| DRINKING 2 fizzy yellow potions.
  1408 | D:3      | 1408 ||| INVOKING Spit Poison.
  1414 | D:3      | 1414 ||| INVOKING Spit Poison.
  1414 | D:3      | HP: 9/39 [orc/boomerang (2)]
  1415 | D:3      | HP: 4/39 [orc priest/nerve-wracking pain (6)]
  1415 | D:3      | Hit by a boomerang thrown by an orc

Levels and vault maps discovered:
D:1:      lightli_arrival_isolated_outpost, layout_loops_ring,
          hellmonk_ecumenical_altar_inner_sanctum
D:2:      layout_loops_cross, kennysheep_generic_room_15
D:3:      layout_basic, mainiacjoe_overflow_tiny_flanked,
          mainiacjoe_overflow_alcove_4, uniq_grinder

Skill      XL: |  1  2  3 |
---------------+----------+-----
Ranged Weapons | 4 5 |  5.0
Fighting       | |  2.2
Dodging        | |  1.5
Stealth        | |  1.5

Action                     |  1- 3 |  4- 6 || total
---------------------------+-------+-------++-------
   Fire: Shortbow          |    57 |     8 ||    65
Ability: Spit Poison       |    26 |     2 ||    28
    Use: Scroll            |     5 |     2 ||     7
         Potion            |       |     1 ||     1
 Armour: Leather armour    |     9 |       ||     9
  Dodge: Dodged            |    20 |     1 ||    21

Table legend:
 A = Non-vault XP
 B = Vault XP
 C = Vault XP percentage of total XP
 D = Non-vault monster count
 E = Vault monster count
 F = Vault count percentage of total count
                 A         B        C        D         E       F
            +---------+---------+-------+---------+---------+-------
      Total |      93 |       2 |   2.1 |      35 |       1 |   2.8
            +---------+---------+-------+---------+---------+-------
        D:1 |      37 |       0 |   0.0 |      17 |       0 |   0.0
        D:2 |      45 |       2 |   4.3 |      14 |       1 |   6.7
        D:3 |      11 |       0 |   0.0 |       4 |       0 |   0.0
            +---------+---------+-------+---------+---------+-------
